 Dungeon Crawl Stone Soup version 0.22.1-1-ga44c0e56f4 (webtiles) character file.

191 JustaMe the Cudgeler (level 5, -8/46 HPs)
             Began as a Minotaur Fighter on Sept 23, 2018.
             Killed by divine providence
             ... invoked by an orc priest
              (14 damage)
             ... on level 3 of the Dungeon.
             The game lasted 00:18:54 (1770 turns).

JustaMe the Cudgeler (Minotaur Fighter)             Turns: 1770, Time: 00:18:54

Health: -8/46      AC:  8    Str: 26    XL:     5   Next: 41%
Magic:  4/4        EV:  8    Int:  5    God:
Gold:   82         SH: 10    Dex: 10    Spells: 4/4 levels left

rFire    . . .     SeeInvis .   a - +1 flail
rCold    . . .     Gourm    .   c - +0 shield
rNeg     . . .     Faith    .   b - +0 scale mail
rPois    .         Spirit   .   (helmet restricted)
rElec    .         Reflect  .   (no cloak)
rCorr    .         Harm     .   p - +0 pair of gloves
MR       .....                  (no boots)
Stlth    ..........             (no amulet)
HPRegen  0.15/turn              (no ring)
MPRegen  0.09/turn              (no ring)

@: mighty
A: retaliatory headbutt, horns 2
a: no special abilities


You were on level 3 of the Dungeon.
You were not hungry.

You visited 1 branch of the dungeon, and saw 3 of its levels.

You collected 82 gold pieces.

Inventory:

Hand Weapons
 a - a +1 flail (weapon)
 g - a +1 dagger of pain
Missiles
 k - 131 stones (quivered)
Armour
 b - a +0 scale mail (worn)
 c - a +0 shield (worn)
 p - a +0 pair of gloves (worn)
Jewellery
 m - an uncursed amulet of harm {unknown}
 r - an uncursed ring of wizardry {unknown}
Scrolls
 i - a scroll of enchant weapon
 j - a scroll of amnesia {unknown}
 n - a scroll of remove curse {unknown}
 q - a scroll of fear {unknown}
 t - a scroll of enchant armour {unknown}
Potions
 e - a potion of resistance
 h - a potion of ambrosia {unknown}
 s - a potion of brilliance
Comestibles
 f - 7 rations
 l - 8 chunks of flesh


   Skills:
 + Level 4.2 Fighting
 * Level 4.8 Maces & Flails
 + Level 4.6 Armour
 + Level 0.8 Dodging
 + Level 0.1 Stealth
 + Level 4.7 Shields


You had 4 spell levels left.
You didn't know any spells.
Your spell library was empty.

Dungeon Overview and Level Annotations

Branches:
Dungeon (3/15)

Altars:


Innate Abilities, Weirdness & Mutations

You reflexively headbutt those who attack you in melee.
You have a pair of horns on your head.


Message History

The orc priest mumbles some strange prayers to Beogh against you.
Beogh smites you!
You bludgeon the orc!!
You kill the orc!
The orc priest calls down the wrath of Beogh upon you.
Beogh smites you!
* * * LOW HITPOINT WARNING * * *
Some of the chunks of flesh in your inventory have rotted away.
As you read the scroll labeled YCABIBIHOC, it crumbles to dust.
The scroll dissolves into smoke.
It was a scroll of fog.
The orc priest barely misses you. You furiously retaliate!
You headbutt the orc priest! You hit the orc priest.
Your headbutt misses the orc priest.
The orc priest is almost dead.
You block the orc priest's attack.
You closely miss the orc priest.
The orc priest is almost dead.
The orc priest calls down the wrath of Beogh upon you.
Beogh smites you!
You die...

.#. #.# ##.## ##...##
##.(...## #####.......#
............############
#####.......#§oo@§§.....
...).(o.....#§##########
#####......§o§####
#####.......####<##
..........#####.#.##
#####......).....#.######.#
#.##.######...........#
#.##.# ##.#######..# #.##.#
###


You could see an orc priest and an orc.

Vanquished Creatures
  An orc wizard (D:3)
  A worker ant (D:2)
  A gnoll (D:1)
  5 adders (D:2)
  2 oozes
  2 dart slugs (D:2)
  A leopard gecko (D:2)
  9 orcs (D:3)
  7 giant cockroaches
  6 hobgoblins
  4 jackals (D:3)
  4 bats
  2 frilled lizards (D:1)
  4 goblins
  8 kobolds
  5 rats
62 creatures vanquished.

Notes
Turn   | Place    | Note
-------+----------+-------------------------------------------
     0 | D:1      | JustaMe the Minotaur Fighter began the quest for the Orb.
     0 | D:1      | Reached XP level 1. HP: 19/19 MP: 0/0
   165 | D:1      | Reached XP level 2. HP: 27/27 MP: 1/1
   595 | D:1      | Reached XP level 3. HP: 26/33 MP: 2/2
   809 | D:2      | Reached XP level 4. HP: 40/40 MP: 3/3
  1400 | D:2      | Reached XP level 5. HP: 46/46 MP: 4/4
  1770 | D:3      | Killed from afar by an orc priest

Skill      XL: |  1  2  3  4 |
---------------+-------------+-----
Armour         | 4 |  4.6
Fighting       | 4 |  4.2
Shields        | 4 |  4.7
Maces & Flails | 3 4 |  4.8
Dodging        | |  0.8
Stealth        | |  0.1

Action                   |  1- 3 |  4- 6 || total
-------------------------+-------+-------++-------
Melee: Flail             |    74 |    94 ||   168
       Headbutt          |     6 |    11 ||    17
  Use: Scroll            |       |     4 ||     4
       Potion            |       |     1 ||     1
  Eat: Chunk             |       |     2 ||     2
       Ration            |       |     1 ||     1
Armor: Scale mail        |    19 |    35 ||    54
Dodge: Dodged            |    17 |    22 ||    39
Block: Shield            |    35 |    50 ||    85
